 Dungeon Crawl Stone Soup version 0.18-a0-1577-gf591c28 (webtiles) character file.

7504 ololoev the Arsonist (level 10, -6/52 HPs)
             Began as a Deep Elf Fire Elementalist on Mar 18, 2016.
             Was a High Priest of Sif Muna.
             Mangled by a white ugly thing (49 damage)
             ... on level 10 of the Dungeon.
             The game lasted 00:33:39 (3801 turns).

ololoev the Arsonist (Deep Elf Fire Elementalist)   Turns: 3801, Time: 00:33:40

Health: -6/52      AC:  5    Str:  5    XL:     10   Next: 95%
Magic:  10/34      EV: 12    Int: 24    God:    Sif Muna [*****.]
Gold:   531        SH:  0    Dex: 15    Spells: 5 memorised, 11 levels left

rFire  + . .     SeeInvis .     a - staff of conjuration
rCold  x . .     Gourm    .     A - +0 troll leather armour
rNeg   . . .     Faith    .     (no shield)
rPois  .         Spirit   .     e - +0 helmet
rElec  .         Dismiss  .     (no cloak)
rCorr  .         Reflect  .     (no gloves)
SustAt .         Harm     .     (no boots)
MR     +....                    (no amulet)
Stlth  ++........               k - ring of fire
                                w - ring of magical power

@: somewhat resistant to hostile enchantments, unstealthy
A: no striking features
a: Channel Energy, Forget Spell, Renounce Religion

Inventory:

Armour
 e - a +0 helmet (worn)
 A - a +0 troll leather armour (worn)
Magical Staves
 a - an uncursed staff of conjuration (weapon)
Jewellery
 k - a ring of fire (right hand)
 w - a ring of magical power (left hand)
Wands
 C - a wand of lightning (7/15)
Scrolls
 d - a scroll of recharging {unknown}
 f - a scroll of immolation
 g - 5 scrolls of teleportation
 h - 3 scrolls of remove curse
 i - 2 scrolls of enchant weapon {unknown}
 j - a scroll of random uselessness {unknown}
 v - 3 scrolls of magic mapping
 y - a scroll of fog {unknown}
Potions
 l - a potion of haste {unknown}
 m - 3 potions of heal wounds
 n - a potion of ambrosia {unknown}
 o - 7 potions of curing
 q - 2 potions of brilliance
 r - 2 potions of invisibility
 t - a potion of mutation {unknown}
 u - a potion of lignification {unknown}
Books
 b - a book of Flames

   Spells                             Type                      Level
   a - Flame Tongue                   Conjuration/Fire             1
   b - Throw Flame                    Conjuration/Fire             2
   c - Conjure Flame                  Conjuration/Fire             3
   d - Inner Flame                    Hexes/Fire                   3
   e - Sticky Flame                   Conjuration/Fire             4
   f - Fireball                       Conjuration/Fire             5
Comestibles
 c - 6 bread rations
 s - 3 chunks of flesh
 z - 2 slices of pizza
 B - 2 beef jerkies


   Skills:
 + Level 1.5 Fighting
 + Level 1.6 Armour
 - Level 2.4 Dodging
 - Level 2.4 Stealth
 + Level 9.4 Spellcasting
 * Level 10.7 Conjurations
 * Level 10.9 Fire Magic
 + Level 6.7 Invocations


You had 11 spell levels left.
You knew the following spells:

 Your Spells              Type           Power        Failure   Level  Hunger
a - Flame Tongue          Conj/Fire      #####        1%          1    None
b - Conjure Flame         Conj/Fire      #######.     1%          3    None
c - Sticky Flame          Conj/Fire      #######.     1%          4    ##.....
d - Fireball              Conj/Fire      #######...   3%          5    ####...
e - Inner Flame           Hex/Fire       ######..     3%          3    None


You were on level 10 of the Dungeon.
You worshipped Sif Muna.
Sif Muna was extremely pleased with you.
You were not hungry.

You visited 2 branches of the dungeon, and saw 12 of its levels.
You also visited: Ossuary.

You collected 635 gold pieces.
You spent 104 gold pieces at shops.

....###.#####.######...######.##.
...........##.## #...# #....
####....##.#.#.## #...# ##... #
#........###.# #...# #<.#. #
#....##.#.#.## #...# ##..# ##
#.##.##.##.######...# ##..
.###.##.##.###........## ..
..##.......#.....##... #..
........####.#.#@# ..
##########......u# .. # #.......>
# #.).##..#. #... ......
#..#†#..# .. #.. ....# ##. . ...#
.#

Notes
Turn   | Place    | Note
--------------------------------------------------------------
     0 | D:1      | ololoev the Deep Elf Fire Elementalist began the quest for the Orb.
     0 | D:1      | Reached XP level 1. HP: 10/10 MP: 6/6
     3 | D:1      | jacquesderrida: Хотя тысяча из них это стартскаминг вондереров...
     8 | D:1      | jacquesderrida: И ДЕМАНОВ
     8 | D:1      | BrandedWarrior: мда. как будто к меня сейчас находимся. Все вылетает и вылетает. =D
    34 | D:1      | crauler: у меня так как минимум 100 из 150 демонов это скам муток
    75 | D:1      | Reached XP level 2. HP: 12/15 MP: 0/8
   152 | D:3      | Noticed Uhlv's ghost (amateur GrFi)
   192 | D:2      | Found a glowing golden altar of the Shining One.
   215 | D:2      | ololoev: вышел на тропу войны
   240 | D:2      | crauler: одевай скейл и погнал
   242 | D:2      | crauler: табать
   244 | D:2      | Reached XP level 3. HP: 6/19 MP: 1/9
   249 | D:2      | Learned a level 3 spell: Conjure Flame
   253 | D:2      | Learned a level 3 spell: Inner Flame
   443 | D:3      | BrandedWarrior: Пока я не ушел. А гловы стрельбы лучше чем гловы силы? А то других просто нет у меня
   477 | D:3      | crauler: ты стреляешь?
   477 | D:3      | ololoev: лучше силы почти всегда
   477 | D:3      | ololoev: у тебя для стрельбы хантинг слинг, я бы его вообще выкинул
   547 | D:3      | jacquesderrida: сила ето не голова
   557 | D:3      | Found a burning altar of Makhleb.
   557 | D:3      | Found an opulent altar of Gozag.
   558 | D:3      | ololoev: блин почему как кастовать так хлеб?
   558 | D:3      | ololoev: а как табать так сиф!
   569 | D:3      | jacquesderrida: Ебануться
   576 | D:4      | Reached XP level 4. HP: 24/24 MP: 4/11
   581 | D:4      | jacquesderrida: В этих очках видно пиксельный аутлайн у пламени маклеба...
   582 | D:4      | BrandedWarrior: *браво* рандому. Маладец!
   585 | D:4      | jacquesderrida: низкого разрешения...
   616 | D:3      | BrandedWarrior: Ну ладно, силы так силы. Я все равно пращей давно не пользуюсь.
   616 | D:3      | ololoev: два энхансера
   616 | D:3      | jacquesderrida: ЗАЧ тебе сила...
   616 | D:3      | ololoev: я так далеко пойду
   622 | D:4      | jacquesderrida: денг менг
   622 | D:4      | jacquesderrida: нойс
   630 | D:3      | BrandedWarrior: Да я еще подумаю, что лучше =)
   649 | D:3      | jacquesderrida: Теперь меджик дарт станет еще точнее!!!
   828 | D:4      | BrandedWarrior: Мне пора.
   832 | D:4      | jacquesderrida: НЕ УХОДИ БРЕНДАН
   868 | D:4      | crauler: хм
   879 | D:4      | BrandedWarrior: *разводит руками* да я еще вернусь =)
   889 | D:4      | BrandedWarrior: Пока-пока!
   897 | D:4      | jacquesderrida: ПОКЕДОВА БРЕНДОНГ
   897 | D:4      | Reached XP level 5. HP: 14/28 MP: 5/13
   905 | D:4      | Learned a level 4 spell: Sticky Flame
   908 | D:4      | crauler: есть кольцо визардри и форма льда на 92% фейла
   910 | D:4      | Found an iron altar of Okawaru.
   911 | D:4      | Noticed Ijustatesigmund's ghost (amateur OpTm)
   923 | D:4      | Noticed Duvessa
   937 | D:4      | Noticed Dowan
   937 | D:4      | Killed Duvessa
   937 | D:4      | Reached skill level 5 in Fire Magic
  1079 | D:5      | Entered Level 5 of the Dungeon
  1081 | D:5      | Reached XP level 6. HP: 29/32 MP: 9/14
  1099 | D:5      | Found a sand-covered staircase.
  1114 | D:5      | Found a deep blue altar of Sif Muna.
  1123 | D:5      | Became a worshipper of Sif Muna the Loreminder
  1124 | D:5      | ololoev: хвала небесам!
  1124 | D:5      | jacquesderrida: ЧЕ
  1124 | D:5      | ololoev: сифа
  1124 | D:5      | jacquesderrida: СЕФ МУНЕР
  1124 | D:5      | ololoev: теперь надо палехче
  1135 | D:5      | jacquesderrida: Да зач она тебе...
  1140 | D:5      | jacquesderrida: Айййййй
  1140 | D:5      | ololoev: ченнелить
  1144 | Ossuary  | Entered an ossuary
  1145 | Ossuary  | jacquesderrida: Оссуарий!!!!
  1149 | Ossuary  | jacquesderrida: С ОГНЕМ
  1195 | Ossuary  | jacquesderrida: ЭХ, ЛАЛИЕВ
  1204 | Ossuary  | jacquesderrida: Как хорошо с таким углом зрения!!!
  1222 | Ossuary  | jacquesderrida: Головой не надо мотать, можно просто взгляд переводить!
  1241 | Ossuary  | jacquesderrida: ПЕРКИ ПОСТХИПСТЕРСКИХ ОПРАВ
  1247 | Ossuary  | jacquesderrida: :D :D :D
  1250 | Ossuary  | jacquesderrida: :O :O :O
  1256 | Ossuary  | jacquesderrida: ;^)
  1311 | Ossuary  | Reached skill level 5 in Conjurations
  1428 | Ossuary  | Reached skill level 1 in Invocations
  1440 | Ossuary  | Reached XP level 7. HP: 22/36 MP: 12/16
  1503 | D:6      | jacquesderrida: Ну это вообще аниме!
  1512 | D:6      | Found a staircase to the Ecumenical Temple.
  1555 | D:6      | crauler: нашел сиф муну, теперь и храм могут дать
  1575 | D:5      | Reached * piety under Sif Muna
  1575 | D:5      | Reached skill level 5 in Spellcasting
  1582 | D:5      | jacquesderrida: Сиф муну выгнали из храма
  1595 | D:5      | jacquesderrida: Перестроили под сауну и лавку сувениров
  1603 | D:6      | jacquesderrida: ECONOMICAL TEMPLE
  1609 | D:6      | jacquesderrida: эрпэцэ захватило строение!!!!!!!
  1615 | D:6      | Found Jamumell's Distillery.
  1620 | D:6      | Noticed Grinder
  1620 | D:6      | Paralysed by Grinder for 6 turns
  1637 | D:6      | Killed Grinder
  1652 | D:6      | Bought a potion of heal wounds for 65 gold pieces
  1652 | D:6      | Bought a potion of curing for 39 gold pieces
  1679 | D:6      | Noticed Prince Ribbit
  1800 | D:7      | Found Kiqig's Food Shop.
  1848 | D:7      | Reached XP level 8. HP: 41/41 MP: 15/18
  1875 | D:8      | Found a roughly hewn altar of Beogh.
  1890 | D:8      | Learned a level 5 spell: Fireball
  1898 | D:8      | Reached ** piety under Sif Muna
  1899 | D:8      | ololoev: получили гады!!!
  1967 | D:8      | Noticed a two-headed ogre
  1972 | D:8      | Killed a two-headed ogre
  2183 | D:7      | Reached *** piety under Sif Muna
  2203 | D:8      | ololoev: ARSONIST
  2203 | D:8      | ololoev: ARSE
  2299 | D:9      | Reached XP level 9. HP: 35/45 MP: 9/21
  2364 | D:9      | Found a staircase to the Orcish Mines.
  2458 | Orc:1    | Entered Level 1 of the Orcish Mines
  2625 | Orc:2    | Entered Level 2 of the Orcish Mines
  2625 | Orc:2    | Noticed an orc sorcerer
  2628 | Orc:2    | Killed an orc sorcerer
  2669 | Orc:2    | Reached **** piety under Sif Muna
  2669 | Orc:2    | Reached skill level 5 in Invocations
  2723 | Orc:2    | Noticed an orc knight
  2740 | Orc:2    | Noticed an orc high priest
  2744 | Orc:2    | Noticed a rust devil
  2744 | Orc:2    | Noticed a soul eater
  2746 | Orc:2    | Noticed a sixfirhy
  2746 | Orc:2    | Noticed a sixfirhy
  2746 | Orc:2    | Killed an orc high priest
  2746 | Orc:2    | Reached XP level 10. HP: 38/50 MP: 3/24
  2774 | Orc:2    | Noticed an orc knight
  2790 | Orc:2    | Killed an orc knight
  2790 | Orc:2    | Reached ***** piety under Sif Muna
  2823 | Orc:2    | Noticed an orc warlord
  2844 | Orc:2    | Noticed an orc sorcerer
  2849 | Orc:1    | ololoev: в орках мне не рады
  2883 | D:9      | Reached skill level 10 in Fire Magic
  2923 | D:9      | Noticed Erolcha
  2925 | D:9      | Killed Erolcha
  2925 | D:9      | Reached skill level 10 in Conjurations
  2926 | D:9      | crauler: шлем/шапка есть уже?
  2928 | D:9      | ololoev: нет
  2933 | D:9      | crauler: ШЛЕМ
  2935 | D:9      | crauler: ВНИЗУ
  2954 | D:9      | ololoev: точно
  2954 | D:9      | ololoev: не углядел
  2954 | D:9      | jacquesderrida: ЛАЛ
  3091 | D:9      | jacquesderrida: ЭХ ЛАЛИЕВ
  3100 | D:9      | jacquesderrida: ВОТ ЕТО ПАШТЕТ ВКУСНЫЙ ПЗДЦ!
  3113 | D:9      | jacquesderrida: Кошка забыла про свое состояние и сразу прибежала отнимать!!!
  3113 | D:9      | ololoev: из внутренностей мертвых гусей?
  3125 | D:9      | jacquesderrida: Не, из ИНДЕЙЦЕВ
  3254 | D:9      | crauler: натуральных?
  3296 | D:9      | jacquesderrida: Генетически выведенных
  3325 | D:10     | Entered Level 10 of the Dungeon
  3369 | D:9      | jacquesderrida: Из засохшей на тотеме спермы
  3373 | D:9      | jacquesderrida: !
  3386 | D:9      | jacquesderrida: Р А Р И Т Е Т
  3388 | D:9      | Found a stormy altar of Qazlal.
  3395 | D:9      | jacquesderrida: Деликатесные индейцы!
  3395 | D:9      | jacquesderrida: Хотя соли многовато
  3416 | D:9      | jacquesderrida: А может нет...
  3421 | D:9      | jacquesderrida: Многовато в сравнении с невкусными паштетами...
  3522 | D:10     | Noticed Grum
  3531 | D:10     | jacquesderrida: денг
  3535 | D:10     | jacquesderrida: НОЙС
  3537 | D:10     | Killed Grum
  3541 | D:10     | jacquesderrida: СУПР
  3547 | D:10     | jacquesderrida: ЛОЛИЕВ ТИ МЕГА
  3581 | D:10     | Reached skill level 1 in Fighting
  3628 | D:10     | Reached skill level 1 in Armour
  3747 | D:10     | Found Ycietz's Book Shop.
  3752 | D:10     | ololoev: 100 голды орки зажали черти
  3773 | D:10     | jacquesderrida: ЧЕ ТАМ
  3781 | D:10     | Noticed a deep elf mage
  3786 | D:10     | Killed a deep elf mage
  3792 | D:10     | jacquesderrida: Ауч...
  3796 | D:10     | Noticed a white ugly thing
  3801 | D:10     | Mangled by a white ugly thing

Dungeon Overview and Level Annotations

Branches:
Dungeon (10/15)            Temple (0/1) D:6             Orc (2/2) D:9
   Lair: D:8-11         Elf: Orc:2

Altars:
Gozag
Makhleb
Okawaru
Qazlal
Sif Muna
The Shining One
Beogh

Shops:
D:6 !   D:7 %   D:10 :

Annotations:
D:3 Uhlv's ghost, amateur GrFi
D:4 Dowan; Ijustatesigmund's ghost, amateur OpTm
D:6 Prince Ribbit


Message History

Aim: a deep elf mage, wielding a short sword and wearing a leather armour You feel a strong surge of power!
The fireball explodes!
The fireball engulfs the deep elf mage.
The deep elf mage is severely wounded.
The deep elf mage casts a spell at you. The bolt of fire misses you.
A wyvern zombie comes into view.
Casting: Fireball
Confirm with . or Enter, or press ? or * to list all spells.
Aiming: Fireball
Press: ? - help, Shift-Dir - straight line, f/p - deep elf mage
Aim: a deep elf mage, wielding a short sword and wearing a leather armour (severely wounded)
You feel a strong surge of power!
The fireball explodes!
The fireball engulfs the deep elf mage.
You kill the deep elf mage!
The wyvern zombie moves out of view.
Use which ability? (? or * to list)
You channel some magical energy.
You feel somewhat more hungry.
Casting: Fireball
Confirm with . or Enter, or press ? or * to list all spells.
Aiming: Fireball
Press: ? - help, Shift-Dir - straight line, f - wyvern zombie
Aim: a wyvern zombie You feel a strong surge of power!
The fireball explodes!
The fireball engulfs the wyvern zombie.
You are feeling very hungry.
A giant frog comes into view.
Casting: Fireball
Confirm with . or Enter, or press ? or * to list all spells.
Aiming: Fireball
Press: ? - help, Shift-Dir - straight line, f - giant frog
Aim: a giant frog You feel a strong surge of power!
The fireball explodes!
The fireball engulfs the giant frog.
You kill the giant frog!
You feel a bit more experienced.
Use which ability? (? or * to list)
You channel some magical energy.
You feel somewhat more hungry.
Use which ability? (? or * to list)
You channel some magical energy.
You are near starving!
Eat one of 5 chunks of flesh? (ye/n/q/i?) This raw flesh tastes terrible.
You are feeling hungry.
You continue eating. x2
Eat one of 4 chunks of flesh? (ye/n/q/i?) This raw flesh tastes terrible.
You continue eating. x2
The white ugly thing gurgles horribly!
Use which ability? (? or * to list)
You channel some magical energy.
You feel somewhat more hungry.
Casting: Fireball
Confirm with . or Enter, or press ? or * to list all spells.
Aiming: Fireball
Press: ? - help, Shift-Dir - straight line, f - white ugly thing
Aim: a white ugly thing You feel a strong surge of power!
The fireball explodes!
The fireball engulfs the white ugly thing.
The white ugly thing is moderately wounded.
Casting: Fireball
Confirm with . or Enter, or press ? or * to list all spells.
Aiming: Fireball
Press: ? - help, Shift-Dir - straight line, f/p - white ugly thing
Aim: a white ugly thing (moderately wounded)
You feel a strong surge of power!
The fireball explodes!
The fireball engulfs the white ugly thing.
The white ugly thing is heavily wounded.
You hear a shout!
Casting: Fireball
Confirm with . or Enter, or press ? or * to list all spells.
Aiming: Fireball
Press: ? - help, Shift-Dir - straight line, f/p - white ugly thing
Aim: a white ugly thing (heavily wounded)
You feel a strong surge of power!
The fireball explodes!
The fireball engulfs the white ugly thing.
The white ugly thing is severely wounded.
The white ugly thing claws you! The white ugly thing freezes you!!!
You feel a terrible chill!
Ouch! That really hurt!
You die...

You could see a white ugly thing.

Vanquished Creatures
  Erolcha (D:9)
  An orc high priest (Orc:2)
  An orc knight (Orc:2)
  An orc sorcerer (Orc:2)
  A deep elf mage (D:10)
  2 trolls
  A two-headed ogre (D:8)
  Grinder (D:6)
  A vampire (D:10)
  Grum (D:10)
  2 hippogriffs
  A warg (Orc:1)
  Duvessa (D:4)
  7 orc warriors
  3 ice beasts
  A sky beast (D:8)
  4 ogres
  A phantom (D:9)
  2 wolves (D:10)
  2 necrophages (D:10)
  A centaur (D:10)
  An elf zombie (Ossuary)
  A wyvern zombie (D:10)
  3 giant frogs
  3 scorpions
  A howler monkey (D:5)
  3 centaur zombies
  3 hounds
  A wasp zombie (D:10)
  7 orc priests
  A giant frog skeleton (D:6)
  2 jellies (D:8)
  7 orc wizards
  2 iguanas
  2 worker ants
  2 big kobold zombies (Ossuary)
  2 mummies (Ossuary)
  10 gnolls
  5 adders
  2 shadow imps
  2 oozes
  3 adder zombies (Ossuary)
  4 worms
  A giant gecko (D:6)
  23 orcs
  A giant cockroach (D:7)
  4 goblins
  2 hobgoblins (D:1)
  3 kobolds
  3 quokkas
  A bat (D:2)
  A giant gecko zombie (D:8)
  A giant newt (D:1)
  A goblin zombie (D:5)
  8 hobgoblin zombies (Ossuary)
  12 kobold zombies (Ossuary)
  9 orc zombies (Ossuary)
  A quokka zombie (D:5)
  2 rats
176 creatures vanquished.

Action                   |  1- 3 |  4- 6 |  7- 9 | 10-12 || total
-------------------------+-------+-------+-------+-------++-------
Melee: War axe           |    13 |       |       |       ||    13
       Staff             |       |    43 |     3 |     1 ||    47
 Cast: Flame Tongue      |    36 |    49 |    87 |    14 ||   186
       Conjure Flame     |     1 |    12 |     8 |     3 ||    24
       Sticky Flame      |       |       |    15 |     2 ||    17
       Inner Flame       |       |       |     5 |     3 ||     8
       Fireball          |       |       |    22 |    37 ||    59
Invok: Channel Energy    |       |       |    92 |    59 ||   151
Evoke: Wand              |       |       |     4 |       ||     4
  Use: Scroll            |       |     1 |     8 |     3 ||    12
  Eat: Chunk             |       |     2 |    21 |    19 ||    42
       Bread ration      |       |       |     1 |       ||     1

Vault maps used:
D:1:      dpeg_arrival_rhombus, serial_forest, infiniplex_forest_clump_medium,
          infiniplex_forest_clump_curved, infiniplex_forest_clump_curved,
          infiniplex_forest_3_way, infiniplex_forest_clump_C,
          infiniplex_forest_end_1, infiniplex_forest_end_1
D:2:      lemuel_crystal_altar, first_bread, uniq_robin
D:3:      gammafunk_temple_overflow_wave, nicolae_ru_sacrificial_ziggurat
D:4:      okawaru_metal_pillars_1_2, uniq_duvessa
D:5:      led_xom_imps, overflow_temple_1_default, enter_ossuary_4
D:6:      minmay_temple_entry_mist, serial_shops, nicolae_shop_statue_plus,
          nicolae_shop_behind_doors, mrwooster_statue_mirror, uniq_grinder,
          uniq_prince_ribbit1, uniq_menkaure, uniq_crazy_yiuf_cottage
D:7:      serial_shops, shop, grunt_livestock
D:8:      david_defended_altar_orc
D:9:      david_orc_2, nicolae_wwwww, grunt_qazlal_sundering, uniq_erolcha,
          uniq_gastronok
D:10:     serial_shops, nicolae_shop_stone, uniq_grum
Orc:2:    grunt_orc_cross, uniq_snorg, uniq_josephine
Ossuary:  ossuary_tomb_1
